 Dungeon Crawl Stone Soup version 0.25-a0-591-g2ad0d861f1 (webtiles) character file.

Game seed: 4615064351626537767, levelgen mode: deterministic

104 kae the Gusty (level 4, -1/33 HPs)
             Began as a Draconian Air Elementalist on Mar 14, 2020.
             Slain by a scorpion (9 damage)
             ... on level 2 of the Dungeon.
             The game lasted 00:02:15 (2361 turns).

kae the Gusty (Draconian Air Elementalist)          Turns: 2361, Time: 00:02:15

Health: -1/33      AC:  6    Str: 10    XL:     4   Next: 52%
Magic:  2/8        EV: 12    Int: 17    God:
Gold:   50         SH:  0    Dex: 11    Spells: 7/8 levels left

rFire    . . .     SeeInvis .   (no weapon)
rCold    . . .     Gourm    .   (no shield)
rNeg     . . .     Faith    .   (armour unavailable)
rPois    .         Spirit   .   (helmet restricted)
rElec    .         Reflect  .   i - +0 cloak (curse)
rCorr    .         Harm     .   (no gloves)
MR       .....                  (no boots)
Stlth    ++........             (no amulet)
HPRegen  0.11/turn              (no ring)
MPRegen  0.11/turn              (no ring)

@: lethally poisoned (-1 -> -22)
A: unfitting armour, cold-blooded, AC +5
a: no special abilities


You were on level 2 of the Dungeon.
You were not hungry.

You visited 1 branch of the dungeon, and saw 2 of its levels.

You collected 50 gold pieces.

Inventory:

Armour
 i - a cursed +0 cloak (worn)
Jewellery
 g - a +4 ring of strength {unknown}
 j - an uncursed ring of protection from fire {unknown}
Scrolls
 a - 5 scrolls of identify {unknown}
 c - 2 scrolls of amnesia {unknown}
 f - 3 scrolls of enchant armour {unknown}
 k - a scroll of fear {unknown}
 l - a scroll of remove curse {unknown}
 m - a scroll of fog {unknown}
Potions
 d - 3 potions of heal wounds {unknown}
 e - a potion of lignification {unknown}
 h - a potion of magic {unknown}
 n - 2 potions of berserk rage {unknown}
Comestibles
 b - 4 rations


   Skills:
 - Level 1.7 Dodging
 - Level 1.7 Stealth
 + Level 2.7 Spellcasting
 + Level 2.2 Conjurations
 * Level 4.3 Air Magic


You had 7 spell levels left.
You knew the following spells:

 Your Spells              Type           Power        Failure   Level  Hunger
a - Shock                 Conj/Air       ##..         4%          1    #......

Your spell library contained the following spells:

 Spells                   Type           Power        Failure   Level  Hunger
 Swiftness                Chrm/Air       #.......     11%         2    ##.....
 Static Discharge         Conj/Air       ##......     14%         3    ###....
 Airstrike                Air            ###.......   28%         4    #####..
 Lightning Bolt           Conj/Air       ##........   77%         5    ######.


Dungeon Overview and Level Annotations

Branches:
Dungeon (2/15)

Altars:

Annotations:
D:2 1 runed translucent door, Crazy Yiuf


Innate Abilities, Weirdness & Mutations

Your plain brown scales are hard. (AC +5)
You cannot fit into any form of body armour.
You are cold-blooded and may be slowed by cold attacks.


Message History

The scorpion is severely wounded.
You feel very sick. The goblin hits you but does no damage.
The scorpion misses you.
Casting: Shock (safe; 4% risk of failure)
Confirm with . or Enter, or press ? or * to list all spells.
Aiming: Shock (safe; 4% risk of failure)
Press: ? - help, Shift-Dir - straight line, f/p - scorpion
Aim: a scorpion (severely wounded)
The zap misses the scorpion.
You feel sick. The goblin misses you. The scorpion stings you.
Casting: Shock (safe; 4% risk of failure)
Confirm with . or Enter, or press ? or * to list all spells.
Aiming: Shock (safe; 4% risk of failure)
Press: ? - help, Shift-Dir - straight line, f/p - scorpion
Aim: a scorpion (severely wounded)
The zap hits the scorpion.
The scorpion is severely wounded.
* * * LOW HITPOINT WARNING * * *
You feel sick. The goblin hits you but does no damage. The scorpion stings you!
You die...

........######.#####........#....
........##.....#####....#.....#..
.......>†..................######
........##.......###...#..####...
.(......##.>...#.# #......###..##
################.###..........##
#.....###.###### ##..#####..#
#g@.#####.## ......s#.......#
.........#...#####
......######.....### ## ......
#####...####> ...... ###..†...
##### ####.## #.# ..#


You could see a scorpion and a goblin.

Vanquished Creatures
  Jessica (D:2)
  An adder (D:2)
  An ooze (D:2)
  2 worms
  2 dart slugs
  A leopard gecko (D:2)
  2 ball pythons (D:2)
  3 giant cockroaches
  5 goblins
  8 hobgoblins
  4 jackals (D:1)
  7 kobolds
  2 quokkas (D:2)
  3 bats (D:1)
  3 frilled lizards
  8 rats
53 creatures vanquished.

Notes
Turn   | Place    | Note
-------+----------+-------------------------------------------
     0 | D:1      | kae the Draconian Air Elementalist began the quest for the
                  | Orb.
     0 | D:1      | Reached XP level 1. HP: 14/14 MP: 3/3
   280 | D:1      | Reached XP level 2. HP: 17/20 MP: 1/5
   882 | D:1      | Reached XP level 3. HP: 26/26 MP: 1/6
  1667 | D:2      | Reached skill level 4 in Air Magic
  1782 | D:2      | Noticed Jessica
  1787 | D:2      | Killed Jessica
  1787 | D:2      | Reached XP level 4. HP: 33/33 MP: 2/7
  1922 | D:2      | Found a runed translucent door.
  1923 | D:2      | Noticed Crazy Yiuf
  2361 | D:2      | Slain by a scorpion

Levels and vault maps discovered:
D:1:      lightli_arrival_chessboard, layout_basic, minmay_misc_feat_room
D:2:      layout_rooms, uniq_crazy_yiuf_cottage, uniq_jessica

Skill      XL: |  1  2  3 |
---------------+----------+-----
Air Magic      | 4 |  4.3
Conjurations   | 2 |  2.2
Dodging        | |  1.7
Stealth        | |  1.7
Spellcasting   | |  2.7

Action                   |  1- 3 |  4- 6 || total
-------------------------+-------+-------++-------
Melee: Unarmed           |    50 |    47 ||    97
       Tailslap          |     4 |     5 ||     9
 Cast: Shock             |    69 |    28 ||    97
 Stab: Sleeping          |     1 |       ||     1
  Eat: Ration            |     1 |       ||     1
       Chunk             |       |     2 ||     2
Armor: Skin              |    39 |    28 ||    67
Dodge: Dodged            |    59 |    35 ||    94

Table legend:
 A = Non-vault XP
 B = Vault XP
 C = Vault XP percentage of total XP
 D = Non-vault monster count
 E = Vault monster count
 F = Vault count percentage of total count
                 A         B        C        D         E       F
            +---------+---------+-------+---------+---------+-------
      Total |     112 |      37 |  24.8 |      52 |       1 |   1.9
            +---------+---------+-------+---------+---------+-------
        D:1 |      52 |       0 |   0.0 |      28 |       0 |   0.0
        D:2 |      60 |      37 |  38.1 |      24 |       1 |   4.0
            +---------+---------+-------+---------+---------+-------
